 Dungeon Crawl Stone Soup version 0.29.0-4-gdea44cf6ec (webtiles) character file.

Game seed: 17400909890307442525

101 SnakkuSnakku7 the Caller (level 4, 0/34 HPs)
             Began as a Palentonga Summoner on Aug 27, 2022.
             Was a Plaything of Xom.
             Slain by a gnoll
             ... wielding a +0 flail
              (5 damage)
             ... on level 3 of the Dungeon.
             The game lasted 00:02:57 (2525 turns).

SnakkuSnakku7 the Caller (Palentonga Summoner)      Turns: 2525, Time: 00:02:57

Health: 0/34       AC:  4    Str: 16    XL:     4   Next: 48%
Magic:  7/7        EV:  9    Int: 15    God:    Xom [..*...]
Gold:   60         SH:  5    Dex: 10    Spells: 6/7 levels left

rFire   . . .      SeeInvis +   h - +1 short sword (venom)
rCold   + . .      Faith    .   f - +2 buckler
rNeg    . . .      Spirit   .   a - +0 robe
rPois   .          Reflect  .   (no helmet)
rElec   .          Harm     .   (no cloak)
rCorr   .          Rampage  .   (no gloves)
Will    .....                   (no barding)
Stlth   +.........              (no amulet)
HPRegen 0.11/turn               d - ring of protection from cold
MPRegen 0.10/turn               (no ring)

@: attractive
A: large, rugged brown scales 3, see invisible, deformed body, roll 1, armoured
tail
a: Rolling Charge, Renounce Religion


You were on level 3 of the Dungeon.
You worshipped Xom.
You were a toy of Xom.
You visited 1 branch of the dungeon, and saw 3 of its levels.

You collected 60 gold pieces.

Inventory:

Hand Weapons
 c - a +0 dagger
 h - a +1 short sword of venom (weapon)
Armour
 a - a +0 robe (worn)
 f - a +2 buckler (worn)
Jewellery
 d - a ring of protection from cold (left hand)
Scrolls
 g - a scroll of enchant weapon
 i - a scroll of immolation {unknown}
 j - a scroll of identify {unknown}
 k - a scroll of teleportation {unknown}
 n - a scroll of acquirement {unknown}
 o - a scroll of fear {unknown}
Potions
 b - a potion of magic
 m - a potion of mutation {unknown}


   Skills:
 + Level 1.2 Fighting
 - Level 1.5 Dodging
 - Level 1.2 Stealth
 + Level 1.0 Shields
 - Level 2.0 Spellcasting
 - Level 4.6 Summonings


You had 6 spell levels left.
You knew the following spells:

 Your Spells              Type           Power      Damage    Failure   Level
a - Summon Small Mammal   Summ           60%        N/A       4%          1

Your spell library contained the following spells:

 Spells                   Type           Power      Damage    Failure   Level
 Call Imp                 Summ           15%        N/A       6%          2
 Call Canine Familiar     Summ           15%        N/A       13%         3
 Beastly Appendage        Tmut           2%         N/A       28%         1
 Summon Guardian Golem    Hex/Summ       8%         N/A       32%         3
 Wereblood                Tmut           1%         N/A       38%         2
 Spider Form              Tmut/Pois      1%         N/A       63%         3
 Summon Lightning Spire   Summ/Air       8%         N/A       73%         4


Dungeon Overview and Level Annotations

Branches:
Dungeon (3/15)

Altars:
Xom


Innate Abilities, Weirdness & Mutations

You are completely covered in rugged brown scales. (AC +3, +7% HP)
You have supernaturally acute eyesight. (SInv)
Armour fits poorly on your strangely shaped body.
You can roll at nearby foes to attack.
You have a long armoured tail.


Message History

The gnoll hits you with a +1 halberd of venom!
You hit the gnoll.
The gnoll is heavily wounded.
The gnoll barely misses you.
You hit the gnoll.
The gnoll is poisoned.
The gnoll is almost dead.
The gnoll misses you.
You closely miss the gnoll.
Your tail-slap misses the gnoll.
The gnoll is almost dead.
You kill the gnoll!
Your Shields skill increases to level 1!
You hit the gnoll but do no damage.
The gnoll is poisoned.
The gnoll hits you but does no damage.
You barely miss the gnoll.
The gnoll is lightly wounded.
The gnoll hits you but does no damage. The gnoll hits you with a +0 flail!
You are too injured to fight recklessly!
You are too injured to fight recklessly!
You are too injured to fight recklessly!
You are too injured to fight recklessly!
The gnoll attacks as you move away! You block the gnoll's attack.
There is a dry fountain here.
Things that are here:
a +0 whip; a gnoll corpse
There is an empty arch of ancient stone here.
The gnoll attacks as you move away! The gnoll hits you with a +0 flail!
* * * LOW HITPOINT WARNING * * *
There is a dry fountain, spattered with blood here.
You aren't carrying any items that you can evoke.
Unknown command.
It was a potion of attraction.
You feel attractive to monsters.
Xom thinks this is hilarious!
The gnoll is attracted toward you.
Unknown command.
It was a potion of curing.
You feel better. The gnoll hits you with a +0 halberd.
* * * LOW HITPOINT WARNING * * *
The gnoll hits you with a +0 flail.
You die...

#...#.# #. #.#.#
#.###.# #. #.#.#
#.#<#.# #)###.#.#
#.#.#.# ##...#..#
#.#.#.# #8.)..#.#
#.#.#.####..⌠.#.#
#.#.#.#8#§#...#.#
#.#.##.gg#_#8#..#
#.#.##.@..#####.#
#.#.##.†⌠.8####.#
#.#.#.#...#.....#
#...#..###..#####
#####.## ####
........#
#########


You could see 2 gnolls.

Vanquished Creatures
  Jessica (D:2)
  2 gnolls (D:3)
  2 dart slugs (D:2)
  4 ball pythons
  2 bats (D:1)
  3 endoplasms
  3 giant cockroaches
  4 goblins
  6 hobgoblins
  7 jackals
  3 kobolds
  A quokka (D:1)
  6 frilled lizards
  A rat (D:1)
45 creatures vanquished.

Vanquished Creatures (collateral kills)
  A giant cockroach (D:1)
  A kobold (D:1)
2 creatures vanquished.

Grand Total: 47 creatures vanquished

Notes
Turn   | Place    | Note
-------+----------+-------------------------------------------
     0 | D:1      | SnakkuSnakku7 the Palentonga Summoner began the quest for
                  | the Orb.
     0 | D:1      | Reached XP level 1. HP: 13/13 MP: 3/3
   434 | D:1      | Reached XP level 2. HP: 12/20 MP: 5/5
  1155 | D:1      | Reached skill level 4 in Summonings
  1446 | D:2      | Noticed Jessica
  1455 | D:2      | Killed Jessica
  1456 | D:2      | Reached XP level 3. HP: 14/25 MP: 6/6
  2007 | D:2      | Reached XP level 4. HP: 27/32 MP: 7/7
  2461 | D:3      | Found a faded altar of an unknown god.
  2505 | D:3      | Prayed at the altar of an unknown god.
  2505 | D:3      | Became a worshipper of Xom of Unknown Intention
  2512 | D:3      | Reached skill level 1 in Fighting
  2517 | D:3      | Reached skill level 1 in Shields
  2525 | D:3      | Slain by a gnoll

Illustrated notes

Levels and vault maps discovered:
D:1:      dpeg_arrival_central, layout_rooms
D:2:      layout_basic, uniq_jessica
D:3:      layout_basic, shapermc_ecumenical_altar_venn, minmay_cut_off

Skill      XL: |  1  2  3  4 |
---------------+-------------+-----
Summonings     | 4 |  4.6
Fighting       | 1 |  1.2
Shields        | 1 |  1.0
Dodging        | |  1.5
Stealth        | |  1.2
Spellcasting   | |  2.0

Action                   |  1- 3 |  4- 6 || total
-------------------------+-------+-------++-------
Melee: Dagger            |    81 |       ||    81
       Tailslap          |    14 |     5 ||    19
       Short sword       |    62 |    33 ||    95
 Cast: Summon Small Mamm |     4 |       ||     4
  Use: Potion            |       |     2 ||     2
       Scroll            |       |     1 ||     1
 Stab: Sleeping          |     3 |     1 ||     4
Armor: Robe              |    47 |    11 ||    58
Dodge: Dodged            |    58 |    18 ||    76
Block: Buckler           |    27 |    17 ||    44
